Map: Prion Terraces

Players

Personal

  • Race: Protoss Protoss
  • League: Grandmaster

Miszu - Winner!

  • Race: Terran Terran
  • League: Grandmaster

VOD

Have the link to the VOD?

Description

Time

  • Played on: Feb. 23, 2016, 1:58 p.m.
  • Length: 8:50
Show
View Real Time Build Order
Export as new Build Order

Personal Protoss 

Build Orders: 1 Gate Expand, Blink Stalkers, Dark Templar Rush 

Get SALT Encoding   

  12  0:01  Probe (Chrono Boost)  
  13  0:12  Probe (Chrono Boost)  
  14  0:17  Pylon  
  14  0:22  Probe (Chrono Boost)  
  15  0:36  Gateway, Probe (Chrono Boost)  
  16  0:43  Assimilator  
  16  0:46  Probe (Chrono Boost)  
  18  0:57  Probe (Chrono Boost)  
  18  1:07  Probe (Chrono Boost)  
  19  1:19  Nexus  
  19  1:30  Cybernetics Core  
  19  1:33  Probe (Chrono Boost)  
  19  1:38  Assimilator  
  20  1:43  Probe (Chrono Boost)  
  21  1:48  Pylon  
  21  1:55  Probe (Chrono Boost)  
  22  2:05  Warp Gate  
  22  2:07  Adept (Chrono Boost), Mothership Core (Chrono Boost)  
  26  2:28  Probe  
  27  2:30  Probe (Chrono Boost)  
  30  2:38  Robotics Facility  
  30  2:40  Probe (Chrono Boost)  
  30  2:44  Probe (Chrono Boost)  
  30  2:48  Pylon  
  30  2:51  Probe (Chrono Boost)  
  31  2:54  Probe (Chrono Boost)  
  32  3:01  Twilight Council, Probe (Chrono Boost)  
  33  3:07  Probe (Chrono Boost)  
  33  3:09  Stalker  
  36  3:20  Probe (Chrono Boost)  
  36  3:23  Pylon  
  35  3:29  Gateway  
  35  3:30  Gateway  
  35  3:32  Observer (Chrono Boost)  
  36  3:41  Dark Shrine  
  36  3:47  Pylon  
  36  3:48  Assimilator  
  36  3:50  Assimilator  
  36  3:53  Blink (Chrono Boost)  
  36  4:00  Gateway  
  36  4:01  Gateway  
  36  4:03  Probe x2  
  36  4:08  Warp Prism  
  38  4:15  Probe (Chrono Boost)  
  38  4:16  Sentry  
  43  4:17  Probe (Chrono Boost)  
  44  4:27  Probe (Chrono Boost)  
  44  4:29  Probe (Chrono Boost)  
  46  4:37  Sentry, Probe (Chrono Boost)  
  49  4:39  Probe (Chrono Boost)  
  49  4:42  Immortal  
  50  4:49  Probe  
  50  4:52  Stalker x2  
  58  5:00  Templar Archives, Probe  
  59  5:07  Adept  
  59  5:08  Adept  
  63  5:14  Adept, Pylon  
  63  5:18  Probe x2  
  67  5:29  Robotics Bay  
  67  5:34  Pylon  
  67  5:37  Probe x2  
  69  5:44  Resonating Glaives (Chrono Boost)  
  69  5:45  Stalker  
  69  5:46  Stalker x2  
  75  6:03  Stalker x2  
  79  6:06  Nexus  
  79  6:10  Pylon  
  79  6:12  Probe  
  79  6:13  Probe  
  79  6:18  Disruptor  
  84  6:25  Pylon, Gravitic Drive  
  84  6:27  Probe  
  84  6:31  Probe  
  86  6:39  Probe  
  87  6:41  Assimilator  
  87  6:43  Assimilator  
  87  6:45  Probe  
  87  6:46  Pylon  
  88  6:51  Probe  
  89  6:56  Forge  
  89  6:57  Probe  
  89  6:58  Forge  
  90  7:02  Adept x3, Disruptor  
  90  7:03  Probe  
  100  7:18  Adept x2  
  104  7:26  Gateway  
  104  7:28  Gateway  
  104  7:34  Disruptor  
  104  7:42  Stalker x3  
  104  7:43  Adept  
  104  7:44  Adept  
  67  8:06  Adept x4  
  67  8:07  Adept  
  67  8:08  Probe x2  
  67  8:09  Probe  
  47  8:35  Adept x5  
  47  8:36  Probe  
Show
View Real Time Build Order
Export as new Build Order

Miszu Terran - Winner!

Build Orders: Command Center First (CC), MMM Bio 

Get SALT Encoding   

  12  0:01  SCV  
  13  0:15  SCV  
  13  0:20  Supply Depot  
  14  0:28  SCV  
  15  0:42  SCV  
  16  0:54  SCV  
  17  1:03  Command Center  
  17  1:06  SCV  
  18  1:18  SCV  
  19  1:20  Barracks  
  19  1:30  SCV  
  19  1:31  Barracks  
  20  1:42  SCV  
  20  1:45  Barracks  
  21  1:54  SCV  
  23  2:10  Marine, Orbital Command  
  23  2:15  Orbital Command  
  23  2:21  Marine  
  24  2:28  Marine  
  25  2:33  Marine  
  25  2:36  SCV  
  27  2:38  Refinery x2, Marine  
  28  2:45  Marine, SCV  
  28  2:48  SCV  
  28  2:51  Marine  
  31  2:56  Supply Depot, Marine  
  31  2:57  SCV  
  34  2:58  Supply Depot  
  34  3:03  Marine  
  34  3:05  SCV  
  36  3:09  Marine, SCV  
  38  3:17  Marine, SCV  
  40  3:21  Marine, SCV  
  42  3:27  Barracks Tech Lab  
  42  3:29  SCV  
  42  3:33  SCV  
  44  3:39  Marine x2  
  46  3:42  SCV  
  46  3:45  SCV  
  48  3:48  Marine  
  48  3:49  Refinery, Stimpack  
  48  3:53  Supply Depot  
  48  3:54  SCV  
  50  3:57  SCV  
  50  4:00  Marine  
  50  4:01  Marine  
  53  4:05  Engineering Bay  
  53  4:06  SCV  
  54  4:15  Supply Depot, Marine, SCV  
  56  4:18  Supply Depot, Marine, SCV  
  56  4:19  Marine  
  59  4:27  Barracks, SCV  
  59  4:30  SCV  
  59  4:31  Factory  
  61  4:33  Marine, Terran Infantry Weapons Level 1  
  62  4:38  Refinery  
  62  4:39  Barracks Reactor, SCV  
  62  4:40  Barracks Tech Lab  
  62  4:42  Missile Turret  
  62  4:44  Missile Turret  
  63  4:51  Marauder  
  65  4:55  Missile Turret  
  65  4:59  Barracks, Marauder  
  67  5:01  Combat Shields  
  67  5:04  SCV  
  68  5:10  Supply Depot  
  68  5:16  Starport, Barracks Tech Lab, Factory Reactor  
  68  5:18  Marine  
  69  5:22  Ghost Academy  
  69  5:24  Marine  
  69  5:25  Marine  
  69  5:27  Marine  
  72  5:32  Supply Depot  
  72  5:37  Marine  
  72  5:38  Concussive Shells  
  73  5:44  Marauder  
  73  5:45  Marauder  
  73  5:49  Marine x3  
  80  5:50  Supply Depot  
  80  5:55  Supply Depot  
  80  6:02  Factory Reactor  
  80  6:04  Medivac x2  
  82  6:12  Marauder  
  82  6:13  Marine x3  
  82  6:14  Marine  
  82  6:15  Ghost  
  90  6:20  SCV x2  
  90  6:21  Supply Depot  
  91  6:31  Marine  
  91  6:32  Ghost  
  94  6:33  Ghost  
  94  6:37  Medivac  
  94  6:38  Marine x2  
  100  6:44  Supply Depot  
  100  6:50  Marine x2  
  102  6:55  Marine  
  102  7:03  Marine x2  
  102  7:08  Marine, Medivac x2, Marauder  
  111  7:16  Marine  
  111  7:17  Marine x2  
  111  7:22  Supply Depot  
  114  7:27  Marauder  
  114  7:28  Command Center, Marauder  
  118  7:32  Marine  
  119  7:50  Marauder  
  111  7:54  Marauder  
  111  7:57  Marine  
  111  7:58  Marauder  
  109  8:02  Marine  
  109  8:03  Viking, Marine x2  
  108  8:11  Marauder  
  98  8:15  Marine x2  
  98  8:19  Marine  
  98  8:20  Marine  
  98  8:23  Marine  
  98  8:24  Marine  
Tags
 
Add a new tag
Caveats
  • Supply blocks, unpowered buildings, or Contaminate may cause inaccurate times.
  • Supply counts are checked every 10 seconds.